 Dungeon Crawl Stone Soup version 0.28.0-53-g5a82cb258f (webtiles) character file.

Game seed: 18369018692921182446

9618 Zeld the Thaumaturge (level 11, -12/116 HPs)
             Began as a Black Draconian Transmuter on June 3, 2022.
             Was an Initiate of Gozag.
             Mangled by a komodo dragon (25 damage)
             ... on level 1 of the Lair of Beasts.
             The game lasted 00:20:56 (21507 turns).

Zeld the Thaumaturge (Black Draconian Transmuter)  Turns: 21507, Time: 00:20:57

Health: -12/116    AC:  7    Str: 17    XL:     11   Next: 25%
Magic:  23/25      EV: 11    Int: 13    God:    Gozag
Gold:   154        SH:  0    Dex: 12    Spells: 21/31 levels left

rFire   x . .      SeeInvis +     - Unarmed
rCold   + + +      Faith    .   (shield currently unavailable)
rNeg    . . .      Spirit   .   (armour unavailable)
rPois   +          Reflect  .   (helmet currently unavailable)
rElec   .          Harm     .   (cloak currently unavailable)
rCorr   .          Rampage  .   (gloves currently unavailable)
Will    .....                   (boots currently unavailable)
Stlth   +.........              (no amulet)
HPRegen 0.29/turn               y - ring of see invisible
MPRegen 0.19/turn               c - ring of poison resistance

@: ice-form, wereblooded, gold aura
A: freezing attack, amphibious, boosted hp, (breathe lightning), AC +7, large,
unfitting armour, (electricity resistance), (cold-blooded)
a: End Transformation, Renounce Religion, Potion Petition, Call Merchant, Bribe
Branch


You were on level 1 of the Lair of Beasts.
You worshipped Gozag.
Gozag was aware of your devotion.
You were a creature of crystalline ice.
You visited 3 branches of the dungeon, and saw 12 of its levels.
You also visited: Sewer.

You collected 2253 gold pieces.
You spent 572 gold pieces at shops.
You paid 1527 gold pieces to Gozag.

Inventory:

Armour
 f - a +0 pair of boots (melded)
 m - a +0 pair of gloves (melded)
Jewellery
 c - a ring of poison resistance (right front paw)
 y - a ring of see invisible (left front paw)
Wands
 q - a wand of polymorph (11)
 D - a wand of paralysis (14)
 E - a wand of charming (5)
 H - a wand of flame (11)
Scrolls
 b - 2 scrolls of amnesia
 e - 7 scrolls of enchant armour
 h - a scroll of teleportation
 i - a scroll of silence
 p - 2 scrolls of enchant weapon
 r - 7 scrolls of magic mapping
 B - a scroll of summoning
 C - a scroll of immolation {unknown}
 F - a scroll of fog {unknown}
Potions
 a - a potion of might
 g - 2 potions of magic {unknown}
 j - 2 potions of invisibility {unknown}
 k - 6 potions of flight
 l - 7 potions of curing {unknown}
 s - 2 potions of brilliance {unknown}
 t - a potion of attraction {unknown}
 w - a potion of mutation {unknown}
 x - 2 potions of degeneration {unknown}
 z - 2 potions of berserk rage {unknown}
 A - a potion of cancellation {unknown}


   Skills:
 + Level 9.1 Fighting
 - Level 4.0 Dodging
 - Level 3.0 Unarmed Combat
 * Level 10.9 Spellcasting
 + Level 8.5 Transmutations
 - Level 2.0 Ice Magic
 * Level 2.4 Air Magic
 - Level 2.0 Poison Magic
 + Level 3.2 Evocations


You had 21 spell levels left.
You knew the following spells:

 Your Spells              Type           Power      Damage    Failure   Level
a - Beastly Appendage     Tmut           58%        N/A       1%          1
b - Wereblood             Tmut           29%        N/A       1%          2
c - Spider Form           Tmut/Pois      20%        N/A       3%          3
d - Ice Form              Ice/Tmut       20%        N/A       12%         4

Your spell library contained the following spells:

 Spells                   Type           Power      Damage    Failure   Level
 Sting                    Tmut/Pois      80%        1d7       1%          1
 Passwall                 Tmut/Erth      15%        N/A       2%          2
 Shock                    Conj/Air       40%        1d5       6%          1
 Poisonous Vapours        Pois/Air       24%        N/A       6%          2
 Corpse Rot               Necr/Air       20%        N/A       10%         2
 Ensorcelled Hibernation  Hex/Ice        18%        N/A       11%         2
 Swiftness                Air            13%        N/A       11%         3
 Frozen Ramparts          Ice            24%        1d4       14%         3
 Inner Flame              Hex/Fire       7%         N/A       30%         3
 Airstrike                Air            6%         N/A       36%         4
 Olgreb's Toxic Radiance  Pois           12%        N/A       41%         4
 Summon Ice Beast         Ice/Summ       9%         N/A       56%         4
 Cause Fear               Hex            3%         N/A       71%         4
 Dispel Undead            Necr           7%         3d8       71%         4
 Fireball                 Conj/Fire      3%         3d4       96%         5
 Death Channel            Necr           3%         N/A       100%        6
 Starburst                Conj/Fire      3%         6d3       100%        6
 Borgnjor's Revivificati  Necr           3%         N/A       100%        8
 Discord                  Hex            3%         N/A       100%        8
 Ignition                 Fire           3%         3d4       100%        8
 Necromutation            Tmut/Necr      9%         N/A       100%        8
 Death's Door             Necr           3%         N/A       100%        9


Dungeon Overview and Level Annotations

Branches:
Dungeon (10/15)            Temple (1/1) D:5            Lair (1/6) D:9
    Orc (0/2) D:9           Sewer (visited)

Altars:
Ashenzari
Cheibriados
Dithmenos
Elyvilon
Fedhas
Gozag
Hepliaklqana
Makhleb
Nemelex Xobeh
Okawaru
Qazlal
Ru
Sif Muna
Trog
Uskayaw
Yredelemnul
The Shining One
Beogh

Shops:
D:6 =   D:8 **   D:10 =

Annotations:
D:6 2 transporters, Brotato's ghost, novice DrFE; Harold
D:9 3 runed translucent doors, NateTC's ghost, novice TrCK


Innate Abilities, Weirdness & Mutations

You are a creature of crystalline ice.
You have a powerful freezing melee attack.
You are amphibious.
Your maximum health is increased.
Your armour is entirely melded.
You are incapable of wielding weapons or throwing items.
((You can breathe wild blasts of lightning.))
((Your glossy black scales are hard. (AC +7)))
You cannot fit into any form of body armour.
((You are resistant to electric shocks. (rElec)))
((You are cold-blooded and may be slowed by cold attacks.))


Message History

The four-headed hydra closely misses you.
The four-headed hydra bites you.
You are too injured to fight recklessly!
You punch the four-headed hydra! You freeze the four-headed hydra.
You feel a bit better.
You kill the four-headed hydra!
The hell rat is distracted by your dazzling golden aura.
Your Fighting skill increases to level 9!
Your Air Magic skill increases to level 2!
The hell rat roars deafeningly!
You punch the wolf! You freeze the wolf.
You feel a bit better.
You kill the wolf!
You hear a deafening roar!
You hear a howl!
You hear a bellow!
Unknown command.
You are too injured to fight recklessly!
You punch the wolf! You freeze the wolf!
You feel a bit better.
You kill the wolf!
The hell rat is no longer distracted by gold.
Unknown command.
You punch the komodo dragon! You freeze the komodo dragon.
The komodo dragon is moderately wounded.
The komodo dragon closely misses you.
Unknown command.
You barely miss the komodo dragon.
The komodo dragon is moderately wounded.
The komodo dragon barely misses you.
You hit the komodo dragon but do no damage.
The komodo dragon is moderately wounded.
You howl as the wereblood boils in your veins!
The komodo dragon bites you!!
You punch the komodo dragon! You freeze the komodo dragon.
The komodo dragon is heavily wounded.
The komodo dragon bites you!!
* * * LOW HITPOINT WARNING * * *
Unknown command.
You punch the komodo dragon! You freeze the komodo dragon.
The komodo dragon is almost dead.
The komodo dragon bites you!!
You die...
Your body crumbles into a pile of gold.

...... ..
......#. .......
...... ## #...#
.#### #...##.$..#
#...#lr..# $
#...Y#....#
####...####.#.#
##########.##...#
.#
........>......[#
r+
##.######.##.#..#
# ###
######...#$$$
P..## #... #....


You could see a komodo dragon and a hell rat.

Vanquished Creatures
  A hydra (Lair:1)
  A two-headed ogre (D:10)
  Maurice (D:8)
  A troll (D:9)
  Grinder (D:3)
  4 slime creatures
  Sigmund (D:5)
  10 yaks
  A wyvern (D:10)
  Menkaure (D:5)
  A water moccasin (D:8)
  2 hornet zombies
  3 ogres
  A sky beast (D:8)
  7 orc warriors
  2 black bears
  A necrophage (D:6)
  5 centaurs
  3 phantoms
  3 wolves (Lair:1)
  Blork the orc (D:5)
  5 kobold brigands
  5 bullfrogs
  5 scorpions
  3 killer bees (D:9)
  5 wights
  5 howler monkeys (D:10)
  2 centaur zombies
  3 jellies
  A bullfrog skeleton (D:6)
  5 orc priests
  A hound (D:6)
  2 gnoll shamans
  5 iguanas
  7 orc wizards
  A merfolk siren (Sewer)
  A merfolk avatar (Sewer)
  A howler monkey skeleton (D:4)
  12 adders
  6 gnolls
  A shadow imp (D:6)
  2 white imps
  An ufetubus (D:6)
  2 worms (D:5)
  2 dart slugs (D:3)
  40 orcs
  6 endoplasms
  7 giant cockroaches
  13 goblins
  7 hobgoblins
  6 quokkas
  8 ball pythons
  3 bats
  7 frilled lizards
  35 kobolds
  29 rats
295 creatures vanquished.

Vanquished Creatures (others)
  2 withered plants (D:9)
2 creatures vanquished.

Grand Total: 297 creatures vanquished

Notes
Turn   | Place    | Note
-------+----------+-------------------------------------------
     0 | D:1      | Zeld the Draconian Transmuter began the quest for the Orb.
     0 | D:1      | Reached XP level 1. HP: 16/16 MP: 3/3
   387 | D:1      | Reached XP level 2. HP: 23/23 MP: 3/5
   975 | D:2      | Reached skill level 1 in Poison Magic
  1071 | D:2      | Reached skill level 1 in Ice Magic
  1189 | D:2      | Reached XP level 3. HP: 21/28 MP: 4/6
  1192 | D:2      | Learned a level 2 spell: Wereblood
  1196 | D:2      | Learned a level 3 spell: Spider Form
  2084 | D:3      | Reached XP level 4. HP: 22/36 MP: 4/8
  3121 | D:3      | Noticed a phantom
  3133 | D:3      | Killed a phantom
  3134 | D:3      | Reached skill level 3 in Spellcasting
  3134 | D:3      | Reached XP level 5. HP: 32/41 MP: 8/10
  3139 | D:3      | Learned a level 4 spell: Ice Form
  3229 | D:3      | Noticed Grinder
  3230 | D:3      | Paralysed by Grinder for 4 turns
  3238 | D:3      | Paralysed by Grinder for 5 turns
  3241 | D:3      | Killed Grinder
  3242 | D:3      | Reached skill level 4 in Spellcasting
  3242 | D:3      | Reached XP level 6. HP: 25/51 MP: 4/12
  4601 | D:4      | You fall into a shaft and drop 2 floors!
  4645 | D:5      | Entered Level 5 of the Dungeon
  4781 | D:5      | Found a staircase to the Ecumenical Temple.
  4801 | D:5      | Your scales start taking on a glossy black colour.
  4801 | D:5      | Reached XP level 7. HP: 40/57 MP: 8/13
  4801 | D:5      | Gained mutation: You are resistant to electric shocks.
                  | (rElec) [Black Draconian growth]
  4821 | Temple   | Entered the Ecumenical Temple
  4902 | Temple   | Became a worshipper of Gozag Ym Sagoz the Greedy
  4950 | D:5      | Found a glowing drain.
  4959 | Sewer    | Entered a sewer
  6171 | D:5      | Reached skill level 5 in Spellcasting
  6290 | D:5      | Noticed Sigmund
  6323 | D:5      | Killed Sigmund
  6326 | D:5      | Reached XP level 8. HP: 24/67 MP: 14/16
  6885 | D:5      | Reached skill level 6 in Spellcasting
  7124 | D:5      | Found a bloodstained altar of Trog.
  7304 | D:5      | Noticed Menkaure
  7304 | D:5      | Noticed Blork the orc
  7343 | D:5      | Killed Menkaure
  7344 | D:5      | Reached skill level 5 in Fighting
  7802 | D:4      | Reached skill level 5 in Transmutations
  8733 | D:5      | Killed Blork the orc
  8734 | D:5      | Reached skill level 7 in Spellcasting
  9223 | D:6      | Reached XP level 9. HP: 60/75 MP: 16/19
 10067 | D:6      | Found a transporter.
 10070 | D:6      | Noticed Brotato's ghost (novice DrFE)
 10084 | D:6      | Found a transporter.
 10270 | D:6      | Bought a ring of see invisible for 180 gold pieces
 10298 | D:7      | Reached skill level 8 in Spellcasting
 10818 | D:7      | Noticed Harold
 12495 | D:8      | Found Diev's Specific Store.
 12495 | D:8      | Found Womuz's General Store.
 12566 | D:8      | Bought a scroll of summoning for 152 gold pieces
 12586 | D:8      | Identified the +1 robe of Experimentation {+Blink rPois
                  | Str-4 Int+5}
 12699 | D:8      | Reached skill level 9 in Spellcasting
 12746 | D:8      | Found a burning altar of Makhleb.
 12748 | D:8      | Noticed a green death
 12982 | D:8      | Reached XP level 10. HP: 22/86 MP: 23/23
 13669 | D:8      | Noticed Maurice
 13684 | D:8      | Killed Maurice
 13795 | D:8      | Found a white marble altar of Elyvilon.
 13840 | D:8      | Found a stormy altar of Qazlal.
 13843 | D:8      | Found a sacrificial altar of Ru.
 13843 | D:8      | Found a basalt altar of Yredelemnul.
 13850 | D:8      | Found a shimmering blue altar of Sif Muna.
 14700 | D:9      | Reached skill level 10 in Spellcasting
 14865 | D:9      | Found a staircase to the Orcish Mines.
 15587 | D:9      | Found a runed translucent gate.
 15587 | D:9      | Found a runed translucent gate.
 15588 | D:9      | Identified the +8 plate armour "Bamerr" {-Cast Harm Rampage
                  | Dex-5}
 15588 | D:9      | Noticed NateTC's ghost (novice TrCK)
 15589 | D:9      | Found a runed translucent gate.
 15606 | D:9      | Found a snail-covered altar of Cheibriados.
 15606 | D:9      | Found a hazy altar of Hepliaklqana.
 15646 | D:9      | Found a broken altar of Ashenzari.
 15722 | D:9      | Found a shadowy altar of Dithmenos.
 15724 | D:9      | Found a sparkling altar of Nemelex Xobeh.
 15729 | D:9      | Found a blossoming altar of Fedhas.
 15764 | D:9      | Reached skill level 1 in Evocations
 15969 | D:9      | Found a staircase to the Lair.
 16754 | D:10     | Entered Level 10 of the Dungeon
 16881 | D:10     | Identified the +7 trident of Teymetef {flame, rPois Dex+5
                  | Stlth+}
 19100 | D:9      | Reached XP level 11. HP: 95/95 MP: 21/25
 20268 | D:10     | Noticed a two-headed ogre
 20665 | D:10     | Bought a ring of poison resistance for 240 gold pieces
 20891 | D:10     | Killed a two-headed ogre
 20892 | D:10     | Reached skill level 1 in Air Magic
 21413 | Lair:1   | Entered Level 1 of the Lair of Beasts
 21488 | Lair:1   | Noticed a four-headed hydra
 21500 | Lair:1   | Killed a four-headed hydra
 21507 | Lair:1   | Mangled by a komodo dragon

Illustrated notes

Levels and vault maps discovered:
D:1:      zelgadis_glass_arrival_small, layout_rooms
D:2:      layout_loops_cross, st_stairs_2, minmay_misc_feat_nine_boxes
D:3:      layout_loops_cross, minmay_cut_off, uniq_grinder
D:4:      layout_loops_ring, chequers_mini_garden, kennysheep_flooded_box,
          hangedman_abyss_or_decor_stagger, minmay_ogre_servants
D:5:      layout_loops_corners, trog_butcher_becter, minmay_temple_entry_glass,
          cheibrodos_sewer_entry_bend, corexii_checkpoint_a, uniq_menkaure,
          uniq_blork_the_orc, uniq_sigmund
D:6:      layout_rooms, gammafunk_ghost_stat_death, grunt_ministairs_4,
          minmay_misc_feat_doors
D:7:      layout_cave_pools, uniq_harold
D:8:      layout_gridville, makhleb_altar_promises_db,
          nicolae_overflow_hallway_of_the_gods, nrook_loot_triangle,
          minmay_door_square, nicolae_specific_store, kennysheep_dice,
          uniq_maurice
D:9:      layout_roguey, nicolae_overflow_hallway_of_the_gods, lair_entry_dummy,
          orc_0_dummy, biasface_ghost_orc_armoury, serial_undead,
          serial_undead_e, serial_undead_c, serial_undead_c, serial_undead_f,
          minivault_22
D:10:     layout_roguey [special_room_orc]
Temple:   compressed_dpeg_triangle_lava_temple
Lair:1:   kb_forest_paths, layout_small_grid, minmay_holes,
          kennysheep_abandoned_house, lemuel_fruit_tree

Skill      XL: |  1  2  3  4  5  6  7  8  9 10 11 |
---------------+----------------------------------+-----
Poison Magic   | 1 2 |  2.0
Ice Magic      | 1 2 |  2.0
Fighting       | 2 3 4 5 7 8 9 |  9.1
Spellcasting   | 3 4 5 7 9 10 | 10.9
Dodging        | 2 3 4 |  4.0
Transmutations | 3 4 5 7 8 |  8.5
Evocations     | 2 3 |  3.2
Air Magic      | 2 |  2.4
Unarmed Combat | |  3.0

Action                   |  1- 3 |  4- 6 |  7- 9 | 10-12 || total
-------------------------+-------+-------+-------+-------++-------
Melee: Unarmed           |    89 |   121 |   463 |   346 ||  1019
       Kick              |    14 |     3 |       |       ||    17
       Tailslap          |     5 |     4 |     3 |     4 ||    16
       Headbutt          |     5 |     4 |     2 |       ||    11
       Punch             |     1 |     2 |       |       ||     3
       Trident           |       |       |       |     6 ||     6
 Cast: Beastly Appendage |    31 |    10 |     1 |       ||    42
       Spider Form       |     1 |    15 |    51 |    17 ||    84
       Wereblood         |       |     2 |     4 |     5 ||    11
       Ice Form          |       |       |    18 |    28 ||    46
Invok: Call Merchant     |       |       |     1 |     1 ||     2
 Abil: Breathe Lightning |       |       |     1 |     1 ||     2
Evoke: Wand              |       |       |     2 |     1 ||     3
  Use: Potion            |       |     1 |     1 |     1 ||     3
       Scroll            |       |       |     5 |    10 ||    15
 Stab: Sleeping          |       |       |     4 |       ||     4
       Distracted        |       |       |     4 |     2 ||     6
Armor: Skin              |    33 |    11 |    79 |    88 ||   211
Dodge: Dodged            |    74 |    78 |   381 |   249 ||   782
